 Dungeon Crawl Stone Soup version 0.25-a0-975-gcae8493d64 (webtiles) character file.

Game seed: 10645949717462927714, levelgen mode: deterministic

2315 gruber the Shield-Bearer (level 9, -1/74 HPs)
             Began as a Gnoll Fighter on May 9, 2020.
             Slain by a vampire (9 damage)
             ... on level 6 of the Dungeon.
             The game lasted 00:08:20 (7530 turns).

gruber the Shield-Bearer (Gnoll Fighter)            Turns: 7530, Time: 00:08:21

Health: -1/74      AC:  8    Str: 21    XL:     9   Next: 41%
Magic:  15/15      EV: 12    Int: 12    God:
Gold:   135        SH:  0    Dex: 14    Spells: 11/16 levels left

rFire    + . .     SeeInvis .   a - +0 trident
rCold    . . .     Gourm    .   c - +0 kite shield
rNeg     . . .     Faith    .   p - +0 leather armour {rF+}
rPois    .         Spirit   .   o - +1 hat
rElec    .         Reflect  .   (no cloak)
rCorr    .         Harm     .   (no gloves)
MR       .....                  w - +2 pair of boots of the Stonemason {*Drain Regen+ Slay+3}
Stlth    +.........             (no amulet)
HPRegen  0.62/turn              x - ring of wizardry
MPRegen  0.14/turn              (no ring)

@: confused, lightly drained
A: distributed training, fangs 1, strong nose
a: no special abilities


You were on level 6 of the Dungeon.
You were not hungry.

You visited 1 branch of the dungeon, and saw 6 of its levels.

You collected 344 gold pieces.
You spent 209 gold pieces at shops.

Inventory:

Hand Weapons
 a - a +0 trident (weapon)
 y - a +1 vampiric rapier
 D - a cursed +4 trident
Missiles
 d - 34 poisoned darts (quivered)
 C - 7 atropa-tipped darts
Armour
 c - a +0 kite shield (worn)
 o - a +1 hat (worn)
 p - a +0 leather armour of fire resistance (worn)
 w - the +2 pair of boots of the Stonemason (worn) {*Drain Regen+ Slay+3}
   (You bought it in a shop on level 5 of the Dungeon)

   It affects your accuracy and damage with ranged weapons and melee attacks
   (+3).
   It increases your rate of regeneration.
   It causes draining when unequipped.
Jewellery
 x - a ring of wizardry (left hand)
Wands
 s - a wand of flame (9)
 u - a wand of iceblast (10)
 z - a wand of digging (4)
Scrolls
 e - 2 scrolls of random uselessness {unknown}
 i - 12 scrolls of identify
 j - 3 scrolls of fog {unknown}
 k - 2 scrolls of magic mapping {unknown}
 l - 2 scrolls of amnesia {unknown}
 m - 3 scrolls of remove curse
 q - 2 scrolls of blinking {unknown}
 r - 4 scrolls of teleportation {unknown}
 t - 3 scrolls of enchant weapon
Potions
 b - a potion of resistance
 g - a potion of haste
 h - 3 potions of cancellation {unknown}
 n - 2 potions of brilliance
 v - a potion of degeneration {unknown}
 A - a potion of magic
Comestibles
 f - 9 rations


   Skills:
 + Level 7.8(7.2) Fighting
 + Level 4.1(3.6) Short Blades
 + Level 4.1(3.6) Long Blades
 + Level 4.1(3.6) Axes
 + Level 4.1(3.6) Maces & Flails
 + Level 6.2(5.7) Polearms
 + Level 4.1(3.6) Staves
 + Level 4.1(3.6) Slings
 + Level 4.1(3.6) Bows
 + Level 4.1(3.6) Crossbows
 + Level 4.1(3.6) Throwing
 + Level 7.8(7.2) Armour
 + Level 4.1(3.6) Dodging
 + Level 4.1(3.6) Stealth
 + Level 7.8(7.2) Shields
 + Level 4.1(3.6) Unarmed Combat
 + Level 4.1(3.6) Spellcasting
 + Level 3.4(2.9) Conjurations
 + Level 3.4(2.9) Hexes
 + Level 3.4(2.9) Charms
 + Level 3.4(2.9) Summonings
 + Level 3.4(2.9) Necromancy
 + Level 3.4(2.9) Translocations
 + Level 3.4(2.9) Transmutations
 + Level 3.4(2.9) Fire Magic
 + Level 3.4(2.9) Ice Magic
 + Level 3.4(2.9) Air Magic
 + Level 3.4(2.9) Earth Magic
 + Level 3.4(2.9) Poison Magic
 + Level 4.5(4.0) Invocations
 + Level 4.1(3.6) Evocations


You had 11 spell levels left.
You knew the following spells:

 Your Spells              Type           Power        Failure   Level  Hunger
a - Blink                 Tloc           N/A          13%         2    ##.....
b - Mephitic Cloud        Conj/Pois/Air  #.......     26%         3    ###....

Your spell library contained the following spells:

 Spells                   Type           Power        Failure   Level  Hunger
 Animate Skeleton         Necr           N/A          9%          1    #......
 Apportation              Tloc           #.....       9%          1    #......
 Corona                   Hex            #......      9%          1    #......
 Magic Dart               Conj           #...         9%          1    #......
 Summon Small Mammal      Summ           #...         9%          1    #......
 Call Imp                 Summ           #.......     13%         2    ##.....
 Slow                     Hex            #.......     13%         2    ##.....
 Conjure Flame            Conj/Fire      #.......     26%         3    ###....


Dungeon Overview and Level Annotations

Branches:
Dungeon (6/15)
 Temple: D:4-7

Altars:
Elyvilon
Kikubaaqudgha
Makhleb
Nemelex Xobeh
Trog
Uskayaw
Vehumet
Wu Jian
Yredelemnul
Zin

Shops:
D:5 [


Innate Abilities, Weirdness & Mutations

Your experience applies equally to all skills.
You have very sharp teeth.
Your uncanny sense of smell can sniff out nearby items.


Message History

You closely miss something. Something hits you!
Something bites you but does no damage.
You hit something but do no damage. Something hits you.
You block something's attack.
Evoke which item? (* to show all) (? for menu, Esc to quit)
Okay, then.
You hear some strange, mumbled words.
You are confused.
You bump into the metal wall.
You hear some strange, mumbled words.
Something tries to affect you, but you resist.
You miss something. Your bite misses something. Something hits you.
Something bites you.
* * * LOW HITPOINT WARNING * * *
Something draws strength from your injuries!
Okay, then.
It was a potion of magic.
Magic courses through your body. Something hits you!
* * * LOW HITPOINT WARNING * * *
Something bites you!
You die...

.......#
#.........#
#.#. ##.##..#
#.#######.#
#.## ##.#...#
#.# #.# #.#.
......#####.#
#.# ##.#.
............#
#.# #..#.
#.##..#######
#.# #..##
#.##..# #.#
#..# >..#..#
######.######
#..## ......#
#.{@........#
#.... ......#
#.####.####.#
#.### .>...##
#.# #.# #.#
#.# .....#
#.# #.# #.#
#.### #.#.##
#.# #.# #.#
#.... #.#.##
#)# #.## #.#
#..##
#....### #)#
#..# #.# #..#
#......# #.#
##.# #.#
##..##
##...#.# #.#
#.# #.#
#.....


There were no monsters in sight!

Vanquished Creatures
  Grinder (D:4)
  Eustachio (D:6)
  5 ice beasts
  An ogre (D:4)
  A centaur (D:5)
  A scorpion (D:6)
  5 wights
  A howler monkey (D:4)
  2 crimson imps
  A bullfrog zombie (D:5)
  A hound (D:5)
  A centaur skeleton (D:4)
  A jelly (D:6)
  8 orc priests
  A bullfrog skeleton (D:6)
  2 iguanas
  3 orc wizards
  7 worker ants
  A worker ant zombie (D:5)
  3 gnolls (D:3)
  13 adders
  A shadow imp (D:2)
  An ooze (D:1)
  An adder skeleton (D:4)
  An adder zombie (D:5)
  4 worms
  A dart slug (D:1)
  5 leopard geckos
  19 orcs
  3 ball pythons
  5 bats
  5 giant cockroaches
  8 goblins
  11 hobgoblins
  9 jackals
  2 quokkas
  4 frilled lizards
  A jackal skeleton (D:4)
  6 kobolds
  A leopard gecko skeleton (D:4)
  10 rats
158 creatures vanquished.

Notes
Turn   | Place    | Note
-------+----------+-------------------------------------------
     0 | D:1      | gruber the Gnoll Fighter began the quest for the Orb.
     0 | D:1      | Reached XP level 1. HP: 23/23 MP: 1/1
   105 | D:1      | Reached XP level 2. HP: 25/29 MP: 2/2
   641 | D:1      | Reached XP level 3. HP: 35/35 MP: 3/3
  1190 | D:2      | Reached skill level 1 in Invocations
  1616 | D:2      | Reached skill level 1 in Short Blades
  1616 | D:2      | Reached skill level 1 in Long Blades
  1616 | D:2      | Reached skill level 1 in Axes
  1616 | D:2      | Reached skill level 1 in Maces & Flails
  1616 | D:2      | Reached skill level 1 in Staves
  1616 | D:2      | Reached skill level 1 in Slings
  1616 | D:2      | Reached skill level 1 in Bows
  1616 | D:2      | Reached skill level 1 in Crossbows
  1616 | D:2      | Reached skill level 1 in Throwing
  1616 | D:2      | Reached skill level 1 in Dodging
  1616 | D:2      | Reached skill level 1 in Stealth
  1616 | D:2      | Reached skill level 1 in Unarmed Combat
  1616 | D:2      | Reached skill level 1 in Spellcasting
  1616 | D:2      | Reached skill level 1 in Evocations
  1630 | D:2      | Reached XP level 4. HP: 38/41 MP: 5/5
  1891 | D:2      | Reached skill level 1 in Conjurations
  1891 | D:2      | Reached skill level 1 in Hexes
  1891 | D:2      | Reached skill level 1 in Charms
  1891 | D:2      | Reached skill level 1 in Summonings
  1891 | D:2      | Reached skill level 1 in Necromancy
  1891 | D:2      | Reached skill level 1 in Translocations
  1891 | D:2      | Reached skill level 1 in Transmutations
  1891 | D:2      | Reached skill level 1 in Fire Magic
  1891 | D:2      | Reached skill level 1 in Ice Magic
  1891 | D:2      | Reached skill level 1 in Air Magic
  1891 | D:2      | Reached skill level 1 in Earth Magic
  1891 | D:2      | Reached skill level 1 in Poison Magic
  2431 | D:2      | Reached XP level 5. HP: 36/47 MP: 6/6
  3301 | D:3      | Reached XP level 6. HP: 24/53 MP: 8/8
  3792 | D:4      | Reached skill level 5 in Polearms
  3963 | D:4      | Noticed Grinder
  3976 | D:4      | Paralysed by Grinder for 5 turns
  3998 | D:4      | Killed Grinder
  3998 | D:4      | Reached XP level 7. HP: 19/60 MP: 10/10
  5092 | D:4      | Found a glowing silver altar of Zin.
  5093 | D:4      | Found an ancient bone altar of Kikubaaqudgha.
  5098 | D:4      | Found a sparkling altar of Nemelex Xobeh.
  5113 | D:4      | Found an ornate altar of the Wu Jian Council.
  5114 | D:4      | Found a hide-covered altar of Uskayaw.
  5114 | D:4      | Found a basalt altar of Yredelemnul.
  5114 | D:4      | Found a burning altar of Makhleb.
  5116 | D:4      | Found a bloodstained altar of Trog.
  5117 | D:4      | Found a white marble altar of Elyvilon.
  5188 | D:5      | Entered Level 5 of the Dungeon
  5244 | D:5      | Reached XP level 8. HP: 48/67 MP: 12/12
  5544 | D:5      | Found Wamiskor's Antique Armour Boutique.
  5548 | D:5      | Bought a pair of faintly humming boots for 209 gold pieces
  5553 | D:5      | Identified the +2 pair of boots of the Stonemason {*Drain
                  | Regen+ Slay+3} (You bought it in a shop on level 5 of the
                  | Dungeon)
  6099 | D:5      | Found a radiant altar of Vehumet.
  6508 | D:6      | Reached XP level 9. HP: 72/72 MP: 14/14
  6611 | D:6      | Noticed Eustachio
  6622 | D:6      | Killed Eustachio
  7224 | D:6      | Learned a level 2 spell: Blink
  7228 | D:6      | Learned a level 3 spell: Mephitic Cloud
  7530 | D:6      | Slain by a vampire

Illustrated notes

Levels and vault maps discovered:
D:1:      heliophobic_arrival_battle_scene, layout_basic
D:2:      layout_basic, minmay_vboxes
D:3:      layout_basic, first_ration
D:4:      layout_loops_cross, minitemple, uniq_grinder
D:5:      layout_basic, serial_shops, shop, vehumet_altar_wand_db
D:6:      kennysheep_windowed_halls, layout_loops_ring, uniq_eustachio

Skill      XL: |  1  2  3  4  5  6  7  8  9 |
---------------+----------------------------+-----
Invocations    | 1 2 3 4 |  4.5
Short Blades   | 1 2 3 4 |  4.1
Long Blades    | 1 2 3 4 |  4.1
Axes           | 1 2 3 4 |  4.1
Maces & Flails | 1 2 3 4 |  4.1
Staves         | 1 2 3 4 |  4.1
Slings         | 1 2 3 4 |  4.1
Bows           | 1 2 3 4 |  4.1
Crossbows      | 1 2 3 4 |  4.1
Throwing       | 1 2 3 4 |  4.1
Dodging        | 1 2 3 4 |  4.1
Stealth        | 1 2 3 4 |  4.1
Unarmed Combat | 1 2 3 4 |  4.1
Spellcasting   | 1 2 3 4 |  4.1
Evocations     | 1 2 3 4 |  4.1
Conjurations   | 1 2 3 |  3.4
Hexes          | 1 2 3 |  3.4
Charms         | 1 2 3 |  3.4
Summonings     | 1 2 3 |  3.4
Necromancy     | 1 2 3 |  3.4
Translocations | 1 2 3 |  3.4
Transmutations | 1 2 3 |  3.4
Fire Magic     | 1 2 3 |  3.4
Ice Magic      | 1 2 3 |  3.4
Air Magic      | 1 2 3 |  3.4
Earth Magic    | 1 2 3 |  3.4
Poison Magic   | 1 2 3 |  3.4
Polearms       | 5 6 |  6.2
Fighting       | 7 |  7.8
Armour         | 7 |  7.8
Shields        | 7 |  7.8

Action                   |  1- 3 |  4- 6 |  7- 9 || total
-------------------------+-------+-------+-------++-------
Melee: Trident           |    93 |   207 |   334 ||   634
       Bite              |     9 |    16 |    42 ||    67
Throw: Dart              |       |       |     3 ||     3
  Use: Potion            |       |     6 |     1 ||     7
       Scroll            |       |       |     2 ||     2
 Stab: Sleeping          |     3 |     4 |     5 ||    12
       Distracted        |       |       |     2 ||     2
  Eat: Chunk             |     2 |     8 |    12 ||    22
Armor: Leather armour    |    13 |    60 |    46 ||   119
Dodge: Dodged            |    33 |    54 |   101 ||   188
Block: Kite shield       |    49 |    96 |   140 ||   285

Table legend:
 A = Non-vault XP
 B = Vault XP
 C = Vault XP percentage of total XP
 D = Non-vault monster count
 E = Vault monster count
 F = Vault count percentage of total count
                 A         B        C        D         E       F
            +---------+---------+-------+---------+---------+-------
      Total |    2427 |     881 |  26.6 |     139 |      19 |  12.0
            +---------+---------+-------+---------+---------+-------
        D:1 |      38 |       0 |   0.0 |      17 |       0 |   0.0
        D:2 |     147 |      35 |  19.2 |      28 |       7 |  20.0
        D:3 |     141 |       0 |   0.0 |      25 |       0 |   0.0
        D:4 |     456 |     267 |  36.9 |      25 |       1 |   3.8
        D:5 |    1021 |       2 |   0.2 |      28 |       1 |   3.4
        D:6 |     624 |     577 |  48.0 |      16 |      10 |  38.5
            +---------+---------+-------+---------+---------+-------
